 Dungeon Crawl Stone Soup version 0.21.1-1-g345015fe64 (webtiles) character file.

6429 Tropan the Basher (level 10, -1/84 HPs)
             Began as a White Draconian Berserker on June 20, 2018.
             Was a High Priest of Trog.
             Slain by a wight
             ... wielding a +0 trident
              (3 damage)
             ... on level 11 of the Dungeon.
             The game lasted 00:53:11 (9276 turns).

Tropan the Basher (White Draconian Berserker)       Turns: 9276, Time: 00:53:11

Health: -1/84      AC:  9    Str: 24    XL:     10   Next: 67%
Magic:  11/11      EV: 16    Int: 12    God:    Trog [*****.]
Gold:   443        SH:  0    Dex: 15    Spells: 9/9 levels left

rFire    . . .     SeeInvis .   s - +1 dire flail (protect)
rCold    + . .     Gourm    .   (shield currently unavailable)
rNeg     . . .     Faith    .   (armour unavailable)
rPois    .         Spirit   .   (helmet restricted)
rElec    .         Reflect  .   e - +0 cloak
rCorr    .         Harm     .   (no gloves)
MR       .....                  (no boots)
Stlth    +.........             (no amulet)
HPRegen  0.24/turn              x - +1 ring of protection
MPRegen  0.12/turn              (no ring)

@: mighty, brilliant, berserk cooldown, hasted and slowed
A: breathe frost, unfitting armour, cold resistance 1, cold-blooded, AC +7
a: Breathe Frost, Berserk, Trog's Hand, Brothers in Arms, Burn Spellbooks,
Renounce Religion


You were on level 11 of the Dungeon.
You worshipped Trog.
Trog was extremely pleased with you.
You were not hungry.

You visited 1 branch of the dungeon, and saw 13 of its levels.
You also visited: Ossuary.

You collected 443 gold pieces.

Inventory:

Hand Weapons
 n - a +1 war axe of flaming
 s - a +1 dire flail of protection (weapon)
 C - a +3 hand axe
 K - a +2 mace of protection
 O - the +4 rapier "Cili" {freeze, rC+, unknown}
   (You found it on level 10 of the Dungeon)

   It has been specially enchanted to freeze those struck by it, causing extra
   injury to most foes and up to half again as much damage against particularly
   susceptible opponents.
   It can also slow down cold-blooded creatures.
   It protects you from cold.
Missiles
 f - 39 poisoned needles
 h - 4 needles of frenzy
 j - 9 javelins
 A - a throwing net
 G - 3 javelins of returning (quivered)
Armour
 e - a +0 cloak (worn)
Magical Staves
 F - an uncursed staff of death
Jewellery
 v - an uncursed ring of magical power
 x - a +1 ring of protection (left hand)
Wands
 a - a wand of iceblast (2)
 z - a wand of polymorph (40)
 J - a wand of random effects (14)
 M - a wand of paralysis (4)
Scrolls
 c - 2 scrolls of identify
 k - 5 scrolls of remove curse
 m - 3 scrolls of amnesia
 o - a scroll of noise {unknown}
 p - 2 scrolls of fear
 t - 3 scrolls of enchant armour {unknown}
 w - 2 scrolls of blinking {unknown}
 y - a scroll of magic mapping {unknown}
 B - 4 scrolls of enchant weapon
 L - 2 scrolls of immolation {unknown}
Potions
 d - a potion of ambrosia {unknown}
 i - 2 potions of might
 q - a potion of brilliance
 r - a potion of mutation {unknown}
 u - 3 potions of lignification
 E - 3 potions of agility
 H - a potion of flight {unknown}
 I - a potion of magic {unknown}
 N - a potion of berserk rage {unknown}
Comestibles
 b - 11 rations


   Skills:
 + Level 6.8 Fighting
 - Level 7.3(10.1) Axes
 + Level 11.0(11.8) Maces & Flails
 - Level 4.1 Throwing
 + Level 6.3 Dodging
 + Level 2.1 Evocations


You had 9 spell levels left.
You didn't know any spells.

Dungeon Overview and Level Annotations

Branches:
Dungeon (13/15)            Temple (0/1) D:7
   Lair: D:8-11         Orc: D:9-12      Vaults: D:13-14

Altars:
Dithmenos
Elyvilon
Fedhas
Gozag
Hepliaklqana
Nemelex Xobeh
Okawaru
Trog
Vehumet
Xom
Yredelemnul


Innate Abilities, Weirdness & Mutations

You can breathe waves of freezing cold.
You can buffet flying creatures when you breathe cold.
Your icy white scales are hard. (AC +7)
You cannot fit into any form of body armour.
Your flesh is cold resistant. (rC+)
You are cold-blooded and may be slowed by cold attacks.


Message History

The wight closely misses you. The adder misses you.
You can't go up here!
Something hits you but does no damage. Something hits you.
* * * LOW HITPOINT WARNING * * *
The yak completely misses you. The adder barely misses you.
The wight misses you.
There is an escape hatch in the ceiling, spattered with blood here.
Something closely misses you. The adder misses you.
The yak completely misses you. The orc warrior barely misses you.
The wight completely misses you. The wight hits you but does no damage.
A mysterious force pulls you upwards. The hatch slams shut behind you.
Found a whip.
Found a stone staircase leading down.
It was a potion of might.
You feel very mighty all of a sudden. Something hits you but does no damage.
The adder closely misses you. The yak misses you.
It was a potion of brilliance.
You feel clever all of a sudden. The adder barely misses you.
The wight hits you with a trident.
You die...

#########
#Y@z....#
#.z.S....#
#.......>#
#........#
##.......#
).......+
.########
##


You could see a yak, 2 wights and an adder.

Vanquished Creatures
  A two-headed ogre (D:8)
  The ghost of Bapho the Basher, a novice DsBe of Trog (D:9)
  Maurice (D:12)
  The ghost of Teps the Basher, a novice MiFi (D:5)
  Psyche (D:12)
  The ghost of pajalenfi the Nimble, a novice FeVM of Sif Muna (D:8)
  Prince Ribbit (D:8)
  4 yaks (D:8)
  Menkaure (D:4)
  A soldier ant (D:9)
  Edmund (D:4)
  A water moccasin (D:8)
  Duvessa (D:4)
  5 orc warriors
  2 sky beasts
  A phantom (D:7)
  A black bear (D:5)
  2 ogres
  A centaur (D:12)
  A big kobold (D:7)
  2 bullfrogs
  Blork the orc (D:5)
  Dowan (D:4)
  A scorpion (D:9)
  5 wights
  2 crimson imps (D:5)
  2 centaur zombies
  A jelly (D:9)
  2 hounds
  An orc priest (D:9)
  A bullfrog skeleton (D:9)
  8 orc wizards
  An iguana (D:8)
  6 worker ants
  A killer bee zombie (D:7)
  4 mummies
  2 gnolls
  8 adders
  A shadow imp (D:7)
  2 adder skeletons
  A worm (D:3)
  2 dart slugs (D:2)
  A leopard gecko (D:4)
  30 orcs
  3 giant cockroaches
  2 gnoll zombies (Ossuary)
  7 goblins
  8 hobgoblins
  8 jackals
  4 quokkas
  4 bats
  7 frilled lizards
  4 gnoll skeletons (Ossuary)
  3 goblin zombies (Ossuary)
  2 hobgoblin skeletons (Ossuary)
  4 hobgoblin zombies (Ossuary)
  12 kobolds
  2 kobold skeletons (Ossuary)
  An orc skeleton (Ossuary)
  4 orc zombies (Ossuary)
  12 rats
  2 rat skeletons (Ossuary)
  5 rat zombies (Ossuary)
209 creatures vanquished.

Vanquished Creatures (others)
  A mummy (Ossuary)
  2 gnoll skeletons (Ossuary)
  A goblin skeleton (Ossuary)
  A goblin zombie (Ossuary)
  A hobgoblin skeleton (Ossuary)
  A hobgoblin zombie (Ossuary)
  5 kobold skeletons (Ossuary)
  4 kobold zombies (Ossuary)
  2 orc skeletons (Ossuary)
  An orc zombie (Ossuary)
  3 rat skeletons (Ossuary)
22 creatures vanquished.

Grand Total: 231 creatures vanquished

Notes
Turn   | Place    | Note
-------+----------+-------------------------------------------
     0 | D:1      | Tropan the Draconian Berserker began the quest for the Orb.
     0 | D:1      | Reached XP level 1. HP: 19/19 MP: 1/1
   215 | D:1      | Reached XP level 2. HP: 26/26 MP: 2/2
   932 | D:1      | Reached XP level 3. HP: 31/31 MP: 3/3
  1519 | D:2      | Reached ** piety under Trog
  1768 | D:2      | Reached skill level 4 in Maces & Flails
  1973 | D:3      | Reached XP level 4. HP: 40/40 MP: 4/4
  2371 | D:3      | Reached skill level 5 in Maces & Flails
  2371 | D:3      | Reached XP level 5. HP: 45/46 MP: 5/5
  2710 | D:3      | Found an iron altar of Okawaru.
  2886 | D:4      | Noticed Dowan
  2891 | D:4      | Noticed Duvessa
  2895 | D:4      | Killed Duvessa
  2895 | D:4      | Reached skill level 1 in Axes
  2895 | D:4      | Reached XP level 6. HP: 52/52 MP: 6/6
  2902 | D:4      | Killed Dowan
  2929 | D:4      | Found a shimmering altar of Xom.
  2929 | D:4      | Found a shimmering altar of Xom.
  2979 | D:4      | Noticed Edmund
  2996 | D:4      | Killed Edmund
  2996 | D:4      | Reached skill level 1 in Throwing
  3022 | D:4      | Found a blossoming altar of Fedhas.
  3025 | D:4      | Your scales start taking on an icy white colour.
  3025 | D:4      | Reached XP level 7. HP: 41/59 MP: 7/7
  3025 | D:4      | Gained mutation: Your flesh is cold resistant. (rC+) [White Draconian growth]
  3033 | D:4      | Found a bloodstained altar of Trog.
  3128 | D:4      | Noticed Menkaure
  3136 | D:4      | Killed Menkaure
  3187 | D:4      | Reached *** piety under Trog
  3435 | D:4      | Found a shimmering altar of Xom.
  3523 | D:5      | Entered Level 5 of the Dungeon
  3642 | D:5      | Found a hazy altar of Hepliaklqana.
  3644 | D:5      | Noticed Teps's ghost (novice MiFi)
  3657 | D:5      | Killed Teps's ghost
  3657 | D:5      | Reached skill level 5 in Axes
  3657 | D:5      | Reached skill level 6 in Maces & Flails
  3657 | D:5      | Reached XP level 8. HP: 66/66 MP: 8/8
  3884 | D:5      | Noticed Blork the orc
  3893 | D:5      | Killed Blork the orc
  4251 | D:6      | Reached skill level 5 in Dodging
  4283 | D:6      | Received a gift from Trog
  4370 | D:6      | Reached skill level 7 in Maces & Flails
  4469 | D:6      | Found a radiant altar of Vehumet.
  4508 | D:6      | Found an iron altar of Okawaru.
  4509 | D:6      | Found a shadowy altar of Dithmenos.
  4913 | D:7      | Received a gift from Trog
  4930 | D:7      | Found a sparkling altar of Nemelex Xobeh.
  4949 | D:7      | Reached skill level 8 in Maces & Flails
  5097 | D:7      | Found a sand-covered staircase.
  5107 | Ossuary  | Entered an ossuary
  5136 | Ossuary  | Reached **** piety under Trog
  5236 | Ossuary  | Received a gift from Trog
  5344 | Ossuary  | Reached XP level 9. HP: 65/71 MP: 9/9
  5586 | D:7      | Found a staircase to the Ecumenical Temple.
  5612 | D:7      | Found a white marble altar of Elyvilon.
  5759 | D:8      | Reached skill level 9 in Maces & Flails
  5921 | D:8      | Noticed Prince Ribbit
  5941 | D:8      | Killed Prince Ribbit
  6019 | D:8      | Reached skill level 10 in Maces & Flails
  6150 | D:8      | Found a basalt altar of Yredelemnul.
  6218 | D:8      | Noticed pajalenfi's ghost (novice FeVM)
  6250 | D:8      | Killed pajalenfi's ghost
  6250 | D:8      | Reached skill level 5 in Fighting
  6883 | D:9      | Found an opulent altar of Gozag.
  6977 | D:9      | Noticed Bapho's ghost (novice DsBe)
  6993 | D:9      | Killed Bapho's ghost
  6993 | D:9      | Reached XP level 10. HP: 80/83 MP: 10/10
  7022 | D:9      | Found an iron altar of Okawaru.
  7481 | D:9      | Noticed a two-headed ogre
  8400 | D:8      | Killed a two-headed ogre
  8400 | D:8      | Reached skill level 1 in Evocations
  8869 | D:10     | Entered Level 10 of the Dungeon
  8892 | D:10     | Got a crude rapier
  8900 | D:10     | You fall through a shaft for 3 floors!
  8926 | D:13     | Noticed a deep elf mage
  8929 | D:13     | Noticed a two-headed ogre
  8981 | D:12     | Noticed Maurice
  9038 | D:12     | Killed Maurice
  9038 | D:12     | Reached ***** piety under Trog
  9236 | D:12     | Noticed Psyche
  9249 | D:12     | Killed Psyche
  9260 | D:12     | Reached skill level 11 in Maces & Flails
  9272 | D:12     | HP: 1/84 [something (5)]
  9276 | D:11     | Slain by a wight

Skill      XL: |  1  2  3  4  5  6  7  8  9 10 |
---------------+-------------------------------+-----
Dodging        | 3 4 5 6 |  6.3
Maces & Flails | 4 5 6 8 10 11 | 11.0
Fighting       | 4 5 6 |  6.8
Axes           | 1 3 5 6 7 |  7.3
Throwing       | 1 2 3 4 |  4.1
Evocations     | 2 |  2.1

Action                   |  1- 3 |  4- 6 |  7- 9 | 10-12 || total
-------------------------+-------+-------+-------+-------++-------
Melee: Mace              |    90 |    48 |       |       ||   138
       Tailslap          |    15 |     9 |    36 |    23 ||    83
       War axe           |       |    49 |    34 |    53 ||   136
       Dire flail        |       |     3 |   263 |    70 ||   336
Throw: Stone             |     1 |    19 |    10 |       ||    30
       Javelin           |       |       |    44 |    28 ||    72
Invok: Berserk           |     6 |     7 |    12 |     5 ||    30
       Burn Spellbooks   |       |       |     2 |       ||     2
 Abil: Breathe Frost     |       |       |     2 |    10 ||    12
Evoke: Wand              |       |       |       |    10 ||    10
  Use: Scroll            |       |     5 |     7 |     7 ||    19
       Potion            |       |     1 |     1 |     8 ||    10
 Stab: Sleeping          |     2 |       |     3 |       ||     5
       Distracted        |       |     1 |       |       ||     1
  Eat: Chunk             |     3 |     3 |     2 |       ||     8
       Ration            |     2 |     2 |     6 |     4 ||    14
Armor: Skin              |    23 |    32 |    70 |    51 ||   176
Dodge: Dodged            |    60 |    72 |   197 |    85 ||   414
